 Dungeon Crawl Stone Soup version 0.28-a0-1339-ga5422284a4 (webtiles) character file.

Game seed: 17880612607531172361

45255 freelancePsychic the Thaumaturge (level 14, -1/105 HPs)
             Began as a Djinni Necromancer on Dec 28, 2021.
             Was the Champion of Elyvilon.
             Slain by a yak (13 damage)
             ... led by a torpor snail
             ... on level 5 of the Lair of Beasts.
             The game lasted 00:53:15 (21271 turns).

freelancePsychic the Thaumaturge (DjNe)            Turns: 21271, Time: 00:53:16

Health: -1/105     AC:  4    Str: 11    XL:     14   Next: 70%
Gold:   1102       EV: 10    Int: 23    God:    Elyvilon [******] SH: 18 Dex: 15

rFire   + . .      SeeInvis .   y - staff of earth
rCold   + . .      Faith    .   R - +2 tower shield {rC+}
rNeg    + + +      Spirit   .   E - +0 troll leather armour
rPois   ∞          Reflect  .   (no helmet)
rElec   .          Harm     .   D - +0 cloak
rCorr   +          Rampage  .   O - +0 pair of gloves "Gosu" {rN+++ rCorr Str+4}
Will    ++...                   (boots unavailable)
Stlth   ++........              F - amulet of regeneration
HPRegen 1.87/turn               N - ring "Vycyryut" {Will+ Dex+2}
MPRegen 0.00/turn               i - ring of ice

@: flying, very slightly contaminated, slowed, very slow
A: sickness immunity, fire resistance 2, cold vulnerability 1, float, innate
caster, hp casting, extra vitality 1, deformed body
a: Renounce Religion, Purification, Heal Other, Heal Self, Divine Vigour


You were on level 5 of the Lair of Beasts.
You worshipped Elyvilon.
Elyvilon was exalted by your worship.
You visited 3 branches of the dungeon, and saw 18 of its levels.
You also visited: Bailey, Gauntlet and Ice Cave.

You collected 1102 gold pieces.

Inventory:

Armour
 a - a +0 robe
 f - a +0 buckler
 o - the +0 tower shield of the Vaults {Contam rC++ Str+2 SInv}
   (You took it off an orc knight in a bailey)

   Str:       It affects your strength (+2).
   rC:        It greatly protects you from cold.
   SInv:      It lets you see invisible.
   Contam:    It causes magical contamination when unequipped.
 D - a +0 cloak (worn)
 E - a +0 troll leather armour (worn)
 O - the +0 pair of gloves "Gosu" (worn) {rN+++ rCorr Str+4}
   (You acquired it on level 3 of the Lair of Beasts)

   Str:       It affects your strength (+4).
   rN:        It renders you almost immune to negative energy.
   rCorr:     It protects you from acid and corrosion.
 P - the +0 pair of gloves of Generosity {-Tele rC++ Str+7 SInv}
   (You found it in a Gauntlet)

   Str:       It affects your strength (+7).
   rC:        It greatly protects you from cold.
   SInv:      It lets you see invisible.
   -Tele:     It prevents most forms of teleportation.
 R - a +2 tower shield of cold resistance (worn)
 X - an orb of light
Magical Staves
 w - a staff of conjuration
 y - a staff of earth (weapon)
Jewellery
 i - a ring of ice (right hand)
 s - a ring of fire
 F - an amulet of regeneration (around neck)
 J - an amulet of reflection
 N - the ring "Vycyryut" (left hand) {Will+ Dex+2}
   (You found it in a Gauntlet)

   [ring of willpower]

   Dex:       It affects your dexterity (+2).
   Will:      It increases your willpower.
Wands
 g - a wand of acid (13)
 k - a wand of polymorph (7)
 r - a wand of digging (13)
 v - a wand of charming (5)
 A - a wand of flame (29)
 B - a wand of mindburst (21)
 T - a wand of iceblast (4)
 V - a wand of paralysis (8)
Scrolls
 b - 5 scrolls of immolation
 m - 10 scrolls of teleportation {@r4}
 q - 2 scrolls of identify {@r1}
 t - 3 scrolls of enchant armour
 x - 3 scrolls of fear
 C - 2 scrolls of magic mapping
 I - 3 scrolls of blinking
 K - 2 scrolls of vulnerability
 L - 4 scrolls of enchant weapon
 M - 4 scrolls of noise
 W - 5 scrolls of fog {unknown}
Potions
 c - 2 potions of heal wounds {@q2}
 d - 4 potions of haste {@q3}
 e - a potion of lignification {unknown}
 h - 4 potions of attraction
 j - a potion of ambrosia {unknown}
 l - a potion of berserk rage {unknown}
 n - 3 potions of mutation
 p - 5 potions of curing {unknown}
 u - 2 potions of brilliance {unknown}
 z - a potion of resistance
 G - 3 potions of flight {unknown}
 H - 2 potions of cancellation {unknown}
 S - a potion of invisibility {unknown}
 U - a potion of degeneration {unknown}
Miscellaneous
 Q - a phantom mirror


   Skills:
 - Level 11.4 Fighting
 + Level 3.7 Dodging
 - Level 1.5 Stealth
 + Level 10.4 Shields
 + Level 13.8 Spellcasting
 - Level 8.4 Invocations


You had 7 spell levels left.
You knew the following spells:

 Your Spells              Type           Power      Damage    Failure   Level
a - Lee's Rapid Deconstr  Erth           43%        3d22*     3%          5
b - Searing Ray           Conj           100%       2d8       1%          2
c - Cause Fear            Hex            34%        N/A       1%          4
d - Animate Dead          Necr           34%        N/A       1%          4
e - Agony                 Necr           68%        N/A       3%          5
f - Pain                  Necr           100%       1d9       1%          1
g - Animate Skeleton      Necr           100%       N/A       1%          1
h - Poisonous Vapours     Pois/Air       100%       N/A       1%          2
i - Vampiric Draining     Necr           68%        2d10      1%          3
j - Magic Dart            Conj           100%       1d8       1%          1
k - Blade Hands           Tmut           34%        N/A       3%          5
Your spell library was empty.

Dungeon Overview and Level Annotations

Branches:
Dungeon (11/15)            Temple (1/1) D:6            Lair (6/6) D:8
  Swamp (0/4) Lair:4       Spider (0/4) Lair:4          Orc (0/2) D:9
 Bailey (visited)           IceCv (visited)         Gauntlet (visited)
  Slime: Lair:5-6

Altars:
Ashenzari
Elyvilon
Fedhas
Gozag
Hepliaklqana
Kikubaaqudgha
Makhleb
Nemelex Xobeh
Qazlal
Ru
Trog
Vehumet
Wu Jian
Yredelemnul
Zin
The Shining One
Beogh
Jiyva

Shops:
D:11 (

Annotations:
D:2 Sigmund
D:8 2 transporters
D:9 exclusion: deep elf pyromancer
Lair:2 3 runed translucent doors, AigisTheKnight's ghost, journeyman MfIE
Lair:3 Rupert


Innate Abilities, Weirdness & Mutations

You are immune to sickness and miasma.
You are immune to poison.
Your flesh is very heat resistant. (rF++)
You are vulnerable to cold. (rC-)
You float through the air rather than walking.
You learn spells naturally, not from books.
Your magical power is your life essence.
You have superior vitality. (+4 MHP)
Armour fits poorly on your strangely shaped body.


Message History

The yak is severely wounded.
The blast of rock fragments hits the jelly!!
You kill the jelly!
You block the yak's attack.
Casting: Lee's Rapid Deconstruction (dangerous; 3% risk of failure)
Confirm with . or Enter, or press ? or * to list all spells.
Aiming: Lee's Rapid Deconstruction (dangerous; 3% risk of failure)
Press: ? - help, Dir - move target A rock wall.
You feel a surge of power!
The wall shatters!
The blast of rock fragments hits the yak!!
You kill the yak!
There is a stone staircase leading down here.
You fly downwards.
You block the cane toad's attack. The yak gores you but does no damage.
You block the slime creature's attack.
A slime creature comes into view.
You block the cane toad's attack. x2; The torpor snail bites you!
Being near the torpor snail leaves you feeling lethargic.
The yak gores you!
There is a stone staircase leading up here.
You block the cane toad's attack. You block the slime creature's attack.
You block the cane toad's attack. You block the yak's attack.
The cane toad barely misses you. The slime creature hits you.
The torpor snail bites you!! The cane toad misses you.
You fly upwards.
There is a stone staircase leading down here.
Casting: Lee's Rapid Deconstruction (dangerous; 3% risk of failure)
Confirm with . or Enter, or press ? or * to list all spells.
Casting: Cause Fear (mildly dangerous; 1% risk of failure)
Press: ? - help, Dir - look around, f - activate You miscast Cause Fear.
You are very lightly contaminated with residual magic.
Nothing appears to happen.
You block the cane toad's attack. You block the yak's attack.
You block the cane toad's attack. The slime creature hits you!!
The torpor snail bites you!!
* * * LOW HITPOINT WARNING * * *
The cane toad stings you! Elyvilon protects you from harm! The yak gores you!
You die...

###.....)..## ####..#.......÷###
##..#.............##
#...............#..#
..P.............#..#
#..................## ###
#.P#................###.# ##### #
...............FYF...##†###.#.# #
...#............@w....†....†..###
................J.............##P
......................>..........
.................................
.................................
...............................÷.
.....†...........................
....#.....................)......
|...#.......<........#...........


You could see a slime creature, a torpor snail, a yak and 2 cane toads.

Vanquished Creatures
  A hydra (Lair:4)
  A boulder beetle (Lair:3)
  A death yak (Lair:2)
  A two-headed ogre (D:8)
  5 bog bodies
  A necromancer (IceCv)
  An obsidian statue (Gauntlet)
  4 orc knights (Bailey)
  An ugly thing (IceCv)
  A cyclops (D:11)
  2 black mambas
  8 elephants
  A gargoyle (D:10)
  9 cane toads
  An ice statue (IceCv)
  A rime drake (Lair:2)
  2 freezing wraiths (IceCv)
  7 komodo dragons
  An entropy weaver simulacrum (IceCv)
  14 ice devils
  2 anaconda simulacra (IceCv)
  A troll (D:8)
  11 blink frogs
  6 dream sheep
  Prince Ribbit (D:6)
  8 slime creatures
  3 shadows
  24 yaks
  4 dire elephant simulacra
  2 wyverns
  Menkaure (D:7)
  5 death yak simulacra
  2 harpy simulacra (IceCv)
  9 water moccasins
  2 acid dragons
  19 orc warriors
  A sky beast (D:8)
  A black bear (D:7)
  9 wolves
  A centaur (D:9)
  Blork the orc (D:5)
  2 kobold brigands
  19 bullfrogs
  A water moccasin zombie (D:6)
  A gnoll sergeant (D:6)
  9 scorpions
  5 cane toad simulacra (IceCv)
  A wyvern zombie (D:9)
  A wyvern skeleton (D:7)
  6 killer bees (D:9)
  2 elephant simulacra (IceCv)
  5 wights (D:7)
  6 electric eels
  3 centaur zombies
  5 hounds
  2 jellies
  2 centaur skeletons
  A gnoll shaman (D:7)
  8 orc priests
  Jessica (D:2)
  2 hell rats (Lair:4)
  9 orc wizards
  8 polar bear simulacra
  A spriggan simulacrum (Lair:2)
  2 killer bee zombies
  4 wolf simulacra
  2 hound zombies (D:5)
  8 gnolls
  2 naga simulacra (IceCv)
  10 river rats (Lair:4)
  3 adders
  6 white imps
  An ufetubus (D:7)
  5 worms
  6 dart slugs
  60 orcs
  6 ball pythons
  8 endoplasms
  3 giant cockroaches
  4 hobgoblins
  7 jackals (D:1)
  3 quokkas
  2 bats
  A frilled lizard (D:1)
  9 goblins
  16 kobolds
  2 rats
446 creatures vanquished.

Vanquished Creatures (others)
  An ugly thing (D:10)
  A centaur zombie (D:10)
  A hornet (D:10)
  A yak (Lair:2)
  4 wolves (Lair:1)
  2 bullfrogs (Lair:1)
  14 demonic plants (Gauntlet)
  16 fungi
  35 plants
75 creatures vanquished.

Grand Total: 521 creatures vanquished

Notes
Turn   | Place    | Note
-------+----------+-------------------------------------------
     0 | D:1      | freelancePsychic the Djinni Necromancer began the quest for
                  | the Orb.
     0 | D:1      | Reached XP level 1. HP: 15/15 MP: 0/0
   409 | D:1      | Gained mutation: Armour fits poorly on your strangely
                  | shaped body. [potion of mutation]
   414 | D:1      | Reached XP level 2. HP: 13/22 MP: 0/0
   845 | D:1      | Reached skill level 1 in Fighting
  1123 | D:1      | Reached XP level 3. HP: 13/27 MP: 0/0
  1123 | D:1      | Learned a level 1 spell: Magic Dart
  2512 | D:2      | Reached XP level 4. HP: 16/32 MP: 0/0
  2727 | D:2      | Noticed Jessica
  2730 | D:2      | Killed Jessica
  2731 | D:2      | Reached skill level 4 in Spellcasting
  2811 | D:2      | Noticed Sigmund
  3042 | D:3      | Found an opulent altar of Gozag.
  3043 | D:3      | Found an opulent altar of Gozag.
  3046 | D:3      | Found an opulent altar of Gozag.
  3078 | D:3      | Found an opulent altar of Gozag.
  3267 | D:3      | Reached skill level 1 in Shields
  3349 | D:3      | Found a blossoming altar of Fedhas.
  3664 | D:3      | Reached XP level 5. HP: 29/38 MP: 0/0
  3664 | D:3      | Learned a level 2 spell: Searing Ray
  3875 | D:3      | Found a sparkling altar of Nemelex Xobeh.
  4525 | D:4      | Found a bloodstained altar of Trog.
  5038 | D:5      | Entered Level 5 of the Dungeon
  5641 | D:5      | Reached XP level 6. HP: 32/45 MP: 0/0
  6278 | D:5      | Noticed Blork the orc
  6350 | D:5      | Killed Blork the orc
  6351 | D:5      | Reached skill level 5 in Spellcasting
  6351 | D:5      | Reached XP level 7. HP: 35/50 MP: 0/0
  6351 | D:5      | Learned a level 2 spell: Poisonous Vapours
  6747 | D:6      | Noticed a water moccasin
  6849 | D:6      | Killed a water moccasin
  7003 | D:6      | Found a sacrificial altar of Ru.
  7018 | D:6      | Became a worshipper of Ru the Awakened
  7266 | D:6      | Found a hazy altar of Hepliaklqana.
  7296 | D:6      | Found a staircase to the Ecumenical Temple.
  7315 | Temple   | Entered the Ecumenical Temple
  7351 | Temple   | Fell from the grace of Ru
  7351 | Temple   | Became a worshipper of Elyvilon the Healer
  7395 | D:6      | Reached XP level 8. HP: 49/58 MP: 0/0
  7479 | D:6      | Reached skill level 1 in Invocations
  7804 | D:6      | Noticed Prince Ribbit
  7835 | D:6      | Killed Prince Ribbit
  7836 | D:6      | Reached skill level 6 in Spellcasting
  7896 | D:7      | Found a flagged portal.
  7899 | D:7      | Noticed Menkaure
  8070 | D:7      | Killed Menkaure
  8085 | Bailey   | Entered a bailey
  8124 | Bailey   | Reached skill level 5 in Fighting
  8124 | Bailey   | Reached XP level 9. HP: 26/65 MP: 0/0
  8124 | Bailey   | Learned a level 4 spell: Cause Fear
  8459 | Bailey   | Noticed an orc knight
  8594 | Bailey   | Noticed an orc knight
  8662 | Bailey   | Noticed an orc knight
  8705 | Bailey   | Killed an orc knight
  8706 | Bailey   | Reached skill level 7 in Spellcasting
  8824 | Bailey   | Killed an orc knight
  8833 | Bailey   | Identified the +0 tower shield of the Vaults {Contam rC++
                  | Str+2 SInv}
  8833 | Bailey   | Noticed an orc knight
  8869 | Bailey   | Killed an orc knight
  8870 | Bailey   | Reached skill level 8 in Spellcasting
  8870 | Bailey   | Reached XP level 10. HP: 53/73 MP: 0/0
  8876 | Bailey   | Killed an orc knight
  8877 | Bailey   | Reached skill level 5 in Invocations
 10283 | D:7      | Reached * piety under Elyvilon
 11480 | D:8      | Reached skill level 9 in Spellcasting
 11548 | D:8      | Found a transporter.
 11548 | D:8      | Found a transporter.
 11951 | D:8      | Noticed a two-headed ogre
 11993 | D:8      | Killed a two-headed ogre
 11994 | D:8      | Reached XP level 11. HP: 81/81 MP: 0/0
 11994 | D:8      | Learned a level 5 spell: Lee's Rapid Deconstruction
 12007 | D:8      | Found a staircase to the Lair.
 12054 | D:8      | Found a glowing silver altar of Zin.
 12119 | D:8      | Found a viscous altar of Jiyva.
 12137 | D:8      | Found a runed translucent door.
 12765 | D:9      | Found a stormy altar of Qazlal.
 12785 | D:9      | Reached skill level 10 in Spellcasting
 12817 | D:9      | Reached ** piety under Elyvilon
 13264 | D:9      | Noticed a deep elf pyromancer
 13272 | D:9      | Found a broken altar of Ashenzari.
 13333 | D:9      | Found a staircase to the Orcish Mines.
 13481 | D:10     | Entered Level 10 of the Dungeon
 13528 | D:10     | Found a burning altar of Makhleb.
 13591 | D:10     | Noticed a green ugly thing
 13738 | D:10     | Reached XP level 12. HP: 72/89 MP: 0/0
 13843 | D:10     | Reached *** piety under Elyvilon
 14281 | D:11     | Found a gate leading to a gauntlet.
 14288 | D:11     | Reached skill level 11 in Spellcasting
 14295 | Gauntlet | Entered a Gauntlet
 14295 | Gauntlet | Found a transporter.
 14304 | Gauntlet | Noticed a tengu warrior
 14309 | Gauntlet | Found a transporter.
 14319 | Gauntlet | Found a transporter.
 14324 | Gauntlet | Found a transporter.
 14339 | Gauntlet | Found a transporter.
 14358 | Gauntlet | Found a transporter.
 14362 | Gauntlet | Noticed a wretched star
 14366 | Gauntlet | Noticed a cacodemon
 14370 | Gauntlet | Found a transporter.
 14378 | Gauntlet | Found a transporter.
 14378 | Gauntlet | Found a transporter.
 14395 | Gauntlet | Found a transporter.
 14400 | Gauntlet | Noticed a glowing orange brain
 14403 | Gauntlet | Noticed a glowing orange brain
 14407 | Gauntlet | Found a transporter.
 14408 | Gauntlet | Noticed a balrug
 14419 | Gauntlet | Found a transporter.
 14436 | Gauntlet | Found a transporter.
 14436 | Gauntlet | Found a transporter.
 14456 | Gauntlet | Found a transporter.
 14478 | Gauntlet | Reached **** piety under Elyvilon
 14543 | Gauntlet | Found a transporter.
 14568 | Gauntlet | Found a transporter.
 14570 | Gauntlet | Found a transporter.
 14630 | Gauntlet | Identified the ring "Vycyryut" {Will+ Dex+2}
 14726 | Gauntlet | Identified the +0 pair of gloves of Generosity {-Tele rC++
                  | Str+7 SInv}
 14775 | Gauntlet | Identified the +11 scythe of Doom {spect, rF+ rCorr Str+4
                  | Dex-4}
 14775 | Gauntlet | Noticed a minotaur
 14776 | Gauntlet | Elyvilon protects you from harm!
 14777 | Gauntlet | Found the +8 storm bow {elec, penet}
 14779 | Gauntlet | Identified the +4 arbalest "Ratwe" {speed, Int+3}
 14779 | Gauntlet | Identified the +8 dagger of Pestilence {spect, Dex+2}
 14850 | D:11     | Found a frozen archway.
 14857 | IceCv    | Entered an ice cave
 14962 | IceCv    | Reached skill level 5 in Shields
 14963 | IceCv    | Reached skill level 10 in Fighting
 15335 | IceCv    | Reached skill level 12 in Spellcasting
 15335 | IceCv    | Reached XP level 13. HP: 88/97 MP: 0/0
 15335 | IceCv    | Learned a level 5 spell: Blade Hands
 16169 | D:11     | Reached ***** piety under Elyvilon
 16418 | D:11     | Found Fierruly's Weapon Shop.
 16694 | Lair:1   | Entered Level 1 of the Lair of Beasts
 16828 | Lair:1   | Noticed a four-headed hydra
 16829 | Lair:1   | Pacified a four-headed hydra
 17871 | Lair:2   | Found a runed translucent gate.
 17872 | Lair:2   | Found a runed translucent gate.
 17885 | Lair:2   | Found a runed translucent gate.
 17885 | Lair:2   | Noticed AigisTheKnight's ghost (journeyman MfIE)
 17893 | Lair:2   | Noticed an 11-headed hydra
 17901 | Lair:2   | Noticed an 11-headed hydra
 18101 | Lair:2   | Noticed a boulder beetle
 18108 | Lair:2   | Pacified a boulder beetle
 18218 | Lair:2   | Noticed a four-headed hydra
 18220 | Lair:2   | Pacified a four-headed hydra
 18865 | Lair:2   | Found the +3 pair of seven-league boots {Rampage+∞}
 18992 | Lair:3   | Reached skill level 13 in Spellcasting
 19089 | Lair:3   | Noticed a catoblepas
 19093 | Lair:3   | Pacified a catoblepas
 19352 | Lair:3   | Noticed a five-headed hydra
 19355 | Lair:3   | Pacified a five-headed hydra
 19356 | Lair:3   | Reached XP level 14. HP: 104/105 MP: 0/0
 19375 | Lair:3   | Noticed Rupert
 19376 | Lair:3   | Paralysed by Rupert for 2 turns
 19531 | Lair:3   | Identified a scroll of acquirement
 19532 | Lair:3   | Acquired the +0 pair of gloves "Gosu" {rN+++ rCorr Str+4}
 19666 | Lair:4   | Found a hole to the Spider Nest.
 20158 | Lair:4   | Found a staircase to the Swamp.
 20603 | Lair:4   | Reached skill level 10 in Shields
 20806 | Lair:5   | Reached ****** piety under Elyvilon
 21180 | Lair:6   | Entered Level 6 of the Lair of Beasts
 21271 | Lair:5   | Elyvilon protects you from harm!
 21271 | Lair:5   | Slain by a yak

Illustrated notes

Levels and vault maps discovered:
D:1:      wheals_arrival_linesprint, layout_basic, hex_tiny
D:2:      layout_rooms, dreamdust_ecumenical_altar_grove, serial_shops, shop,
          uniq_sigmund, uniq_jessica
D:3:      layout_loops_corners, mainiacjoe_overflow_alcove_2,
          nicolae_gozag_conspicuous_consumption, nemelex_dance_club_becter
D:4:      layout_loops_ring, mainiacjoe_overflow_catwalk,
          small_statue_intersection, kennysheep_donut, skrybe_limestone_x,
          minivault_11
D:5:      layout_basic, serial_co_window_serial, co_window_of_opportunity_a,
          co_window_paths_a, co_window_paths_b, co_window_paths_b,
          co_window_paths_a, co_window_corner_cb, co_window_corner_b,
          co_window_corner_b, co_window_corner_b, co_window_unsneaky_path_c,
          nicolae_elevator_lobby_plus, uniq_blork_the_orc
D:6:      layout_basic, mainiacjoe_overflow_large_starburst,
          minmay_temple_entry_hall, uniq_prince_ribbit1
D:7:      layout_loops_ring, enter_bailey_5, uniq_menkaure
D:8:      gammafunk_jiyva_shrine, layout_cave_pools, zin_academy,
          erik_lair_island, lightli_church_of_beogh
D:9:      layout_roguey, nicolae_overflow_crystal_walls,
          mainiacjoe_overflow_cross_hatched, general_overflow_altar, erik_orc_2
D:10:     layout_gridville, kiku_gazebo_garden_becter,
          mainiacjoe_overflow_paths, lightli_corner_chamber
D:11:     layout_basic, serial_shops, shop_coins, gauntlet_entry_generic,
          portal_ice_cave_entry_pillars_2, kennysheep_cross_bottleneck,
          kennysheep_nondescript
Temple:   jpeg_temple_alley_garden
Lair:1:   layout_cave_pods, chequers_serial_rivers_small_3
Lair:2:   dreamdust_isle_of_ice, layout_regular_city,
          gammafunk_ghost_hydra_chop,
          hellmonk_guarded_unrand_seven_league_boots, grunt_megastairs_5,
          infiniplex_staircase_pool
Lair:3:   layout_chaotic_city, lemuel_fruit_tree, uniq_rupert
Lair:4:   layout_concentric_octagons, nicolae_swamp_entry_splash_gauntlet,
          nicolae_spider_entry_non_spiders, kennysheep_rathole
Lair:5:   layout_hall_layers, lemuel_fruit_fields
Lair:6:   wormcave, layout_regular_city, hangedman_lair_caniforms_friends,
          minmay_slime_entry_pillars

Skill      XL: |  1  2  3  4  5  6  7  8  9 10 11 12 13 14 |
---------------+-------------------------------------------+-----
Fighting       | 1 2 3 5 6 7 9 10 11 | 11.4
Spellcasting   | 4 5 6 8 9 10 12 13 | 13.8
Shields        | 1 2 3 4 6 8 10 | 10.4
Invocations    | 2 4 6 7 8 |  8.4
Dodging        | 3 |  3.7
Stealth        | |  1.5

Action                   |  1- 3 |  4- 6 |  7- 9 | 10-12 | 13-15 || total
-------------------------+-------+-------+-------+-------+-------++-------
Melee: Staff             |       |       |       |     5 |    14 ||    19
 Cast: Pain              |    34 |       |       |       |       ||    34
       Magic Dart        |    36 |    40 |       |       |       ||    76
       Vampiric Draining |     2 |     6 |     5 |       |       ||    13
       Searing Ray       |       |    26 |    33 |    32 |       ||    91
       Poisonous Vapours |       |       |    62 |    88 |    85 ||   235
       Cause Fear        |       |       |     4 |    27 |    37 ||    68
       Lee's Rapid Decon |       |       |       |   190 |   189 ||   379
Invok: Heal Self         |       |       |       |     1 |       ||     1
       Heal Other        |       |       |       |       |    11 ||    11
Evoke: Wand              |       |       |       |     1 |       ||     1
  Use: Potion            |     1 |       |     1 |       |       ||     2
       Scroll            |       |     7 |     1 |     7 |     6 ||    21
Armor: Robe              |     1 |     5 |     4 |     1 |       ||    11
       Troll leather arm |       |       |       |     7 |    24 ||    31
Dodge: Dodged            |    11 |    12 |    16 |    45 |    35 ||   119
Block: Buckler           |       |       |     6 |    24 |    10 ||    40
       Tower shield      |       |       |       |       |    84 ||    84

Table legend: (Time is in decaauts)
 A = Elapsed time spent in this place.
 B = Non-inter-level travel time spent in this place.
 C = Inter-level travel time spent in this place.
 D = Time resting spent in this place.
 E = Time spent auto-exploring this place.
 F = Levels seen in this place.
 G = Mean time per level.
                   A        B        C        D        E       F      G
               +--------+--------+--------+--------+--------+-----+--------+
         Total |  21305 |  20605 |    700 |   1148 |  15835 |  21 | 1014.5 |
       Dungeon |  14259 |  13847 |    412 |   1061 |  11140 |  11 | 1296.3 |
        Temple |     61 |     37 |     24 |      0 |     30 |   1 |   61.0 |
          Lair |   4607 |   4345 |    262 |     50 |   3241 |   6 |  767.8 |
        Bailey |   1105 |   1105 |      0 |      0 |    716 |   1 | 1105.0 |
      Ice Cave |    786 |    786 |      0 |      0 |    442 |   1 |  786.0 |
      Gauntlet |    485 |    485 |      0 |     37 |    266 |   1 |  485.0 |
               +--------+--------+--------+--------+--------+-----+--------+

Top non-repeatable levels by time:
     D:1: 2316 daAuts
     D:7: 1731 daAuts
     D:8: 1709 daAuts
     D:5: 1512 daAuts
     D:6: 1417 daAuts
     D:3: 1195 daAuts
  Lair:2: 1152 daAuts
    D:11: 1120 daAuts
  Lair:1: 1113 daAuts
  Bailey: 1105 daAuts
     D:4: 1017 daAuts
  Lair:4: 964 daAuts
     D:9: 942 daAuts
    D:10: 786 daAuts
   IceCv: 786 daAuts
